Map: Disco Bloodbath LE

Players

HeroMarine - Winner!

  • Race: Terran Terran
  • League: Master
  • Spawn Location: 3:00

Harstem

  • Race: Protoss Protoss
  • League: Grandmaster
  • Spawn Location: 9:00

Event: HomeStory Cup XX

VOD

Have the link to the VOD?

Description

Time

  • Played on: Nov. 21, 2019, 3:52 p.m.
  • Length: 9:39

All games in this series

Show
View Real Time Build Order
Export as new Build Order

HeroMarine Terran - Winner!

Build Orders: Reaper Expand 

Get SALT Encoding   

  12  0:00  SCV  
  13  0:12  SCV  
  14  0:17  Supply Depot  
  14  0:25  SCV  
  15  0:39  SCV  
  15  0:40  Barracks  
  16  0:43  Refinery  
  16  0:51  SCV  
  17  1:03  SCV  
  18  1:15  SCV  
  19  1:28  Orbital Command, Reaper  
  20  1:37  Command Center  
  20  1:46  Supply Depot  
  20  1:53  SCV  
  21  2:00  Marine  
  22  2:05  SCV  
  22  2:07  Factory  
  23  2:11  Refinery  
  23  2:17  SCV  
  23  2:21  Barracks Reactor  
  24  2:29  SCV  
  25  2:42  SCV  
  26  2:49  Orbital Command  
  26  2:51  Hellion  
  26  2:53  Starport  
  26  2:54  SCV  
  29  2:58  Marine x2  
  31  3:06  SCV  
  32  3:13  Hellion  
  32  3:16  Marine x2, SCV  
  32  3:18  SCV  
  38  3:22  Supply Depot  
  38  3:28  SCV  
  38  3:29  Viking  
  38  3:30  SCV  
  38  3:34  Marine x2, Barracks  
  42  3:36  Factory Tech Lab  
  42  3:40  SCV  
  45  3:42  SCV  
  46  3:52  Marine x2, Supply Depot, SCV  
  46  3:54  SCV  
  53  4:03  Barracks  
  53  4:04  Siege Tank  
  53  4:05  Starport Tech Lab  
  53  4:07  SCV  
  54  4:14  Marine x2, SCV  
  55  4:20  SCV  
  53  4:25  Refinery  
  53  4:26  SCV  
  53  4:28  Engineering Bay  
  53  4:29  Stimpack  
  54  4:31  Marine x2  
  54  4:32  SCV  
  54  4:34  Supply Depot  
  60  4:38  Marauder, SCV  
  60  4:45  SCV  
  61  4:50  Supply Depot, SCV  
  62  4:53  Starport Reactor  
  62  4:54  Terran Infantry Weapons Level 1  
  62  4:55  Factory Reactor  
  62  4:58  Supply Depot  
  66  5:00  Marauder  
  66  5:01  SCV  
  66  5:02  Combat Shield, SCV  
  66  5:04  Marauder  
  68  5:07  Supply Depot  
  68  5:09  Marine x2  
  70  5:15  SCV x2  
  70  5:17  Refinery  
  74  5:21  Marauder  
  74  5:23  Missile Turret  
  74  5:25  Marauder  
  76  5:31  Medivac x2  
  76  5:33  SCV  
  78  5:38  SCV  
  78  5:43  Marauder, Marine x2  
  78  5:45  SCV  
  78  5:47  Widow Mine x2, Marauder  
  86  5:51  SCV  
  87  5:57  SCV  
  87  6:01  Marine x2  
  87  6:02  Supply Depot  
  92  6:04  Marauder  
  92  6:08  Marauder  
  93  6:11  SCV  
  93  6:15  Medivac  
  93  6:16  SCV  
  97  6:27  Marauder  
  97  6:28  Marine x2  
  97  6:29  Marauder  
  97  6:31  Widow Mine x2  
  105  6:36  Command Center  
  105  6:38  Supply Depot  
  105  6:40  Medivac  
  105  6:42  Concussive Shells  
  105  6:45  Marine, Medivac  
  110  6:49  Terran Infantry Armor Level 1  
  110  6:53  Marine  
  109  6:58  Marauder  
  109  6:59  Marauder  
  104  7:03  Widow Mine x2, Marine  
  100  7:08  SCV x2  
  100  7:10  Medivac  
  100  7:11  Marine  
  97  7:19  Marine  
  97  7:20  Marauder, SCV  
  97  7:21  Marine, SCV  
  101  7:24  Barracks  
  101  7:25  Barracks  
  101  7:27  Widow Mine x2  
  105  7:35  SCV  
  102  7:38  Marauder  
  102  7:40  Marine x2  
  102  7:41  Marauder  
  102  7:43  Medivac  
  102  7:44  Medivac  
  107  7:46  SCV  
  108  7:53  SCV  
  106  7:59  Marauder, SCV  
  106  8:00  Orbital Command  
  106  8:03  Marauder  
  104  8:06  SCV  
  104  8:08  Marine x2  
  104  8:09  Widow Mine, Liberator  
  104  8:10  Widow Mine, Liberator  
  104  8:11  SCV  
  108  8:14  Barracks Reactor  
  108  8:18  Barracks Tech Lab, SCV  
  109  8:20  Marauder  
  109  8:24  Marauder  
  115  8:30  SCV x2  
  116  8:35  SCV  
  116  8:37  Marauder  
  116  8:42  Marauder  
  116  8:45  Marine, Marauder  
  121  8:49  Marine  
  121  8:50  Widow Mine x2  
  124  8:56  Refinery x2  
  124  8:57  Marine, Ghost Academy  
  124  8:58  Marauder, Marine  
  126  9:03  Marine, Marauder  
  126  9:07  Marauder  
  126  9:09  Marine  
  132  9:15  Marine  
  131  9:21  Marine x2  
  133  9:32  Supply Depot x2  
Show
View Real Time Build Order
Export as new Build Order

Harstem Protoss 

Build Orders: 1 Gate Expand, Oracle Opening, Blink Stalkers, Zealot Archon 

Get SALT Encoding   

  12  0:00  Probe  
  13  0:12  Probe  
  14  0:17  Pylon  
  14  0:24  Probe  
  15  0:30  Assimilator  
  15  0:33  Probe  
  15  0:41  Probe  
  16  0:48  Gateway  
  17  0:51  Probe  
  18  1:03  Probe  
  19  1:15  Probe  
  20  1:22  Nexus  
  20  1:35  Cybernetics Core  
  20  1:36  Probe  
  21  1:41  Assimilator  
  21  1:48  Probe  
  21  1:51  Pylon  
  22  2:00  Probe  
  22  2:01  Adept  
  23  2:12  Probe  
  23  2:14  Stargate  
  26  2:18  Warp Gate  
  26  2:24  Probe  
  27  2:32  Probe x2  
  31  2:40  Probe x2  
  31  2:50  Probe x2  
  35  3:00  Oracle  
  35  3:02  Stalker, Probe  
  35  3:03  Probe  
  40  3:11  Pylon  
  40  3:14  Probe  
  40  3:16  Probe, Twilight Council  
  42  3:22  Blink  
  42  3:28  Probe  
  42  3:30  Probe  
  44  3:34  Gateway  
  44  3:35  Gateway  
  44  3:40  Probe  
  45  3:42  Probe  
  45  3:43  Assimilator  
  45  3:47  Pylon  
  46  3:52  Probe  
  46  3:54  Probe  
  48  4:00  Pylon  
  48  4:04  Probe  
  49  4:16  Probe  
  49  4:19  Probe  
  49  4:21  Nexus  
  47  4:24  Probe  
  47  4:29  Stalker x2  
  52  4:31  Stalker, Probe  
  52  4:37  Probe  
  52  4:38  Forge  
  55  4:44  Probe  
  58  4:53  Stalker x2  
  58  4:56  Probe  
  58  4:57  Pylon  
  58  4:58  Stalker  
  58  4:59  Probe  
  65  5:01  Protoss Ground Armor Level 1  
  65  5:08  Charge, Probe  
  67  5:15  Pylon  
  68  5:23  Gateway  
  68  5:24  Gateway  
  68  5:25  Gateway  
  66  5:32  Probe  
  66  5:34  Sentry, Zealot  
  71  5:43  Probe  
  71  5:47  Zealot  
  71  5:48  Probe  
  75  5:54  Gateway  
  75  5:55  Probe  
  75  5:56  Probe, Gateway  
  77  5:58  Pylon, Zealot  
  77  6:00  Probe  
  77  6:01  Sentry  
  77  6:04  Pylon  
  82  6:09  Zealot  
  86  6:12  Pylon  
  86  6:15  Templar Archives  
  84  6:18  Stalker x2  
  85  6:27  Zealot x3  
  85  6:31  Zealot  
  85  6:32  Probe  
  88  6:34  Probe  
  88  6:38  Probe  
  90  6:43  Zealot x2  
  90  6:44  Probe  
  90  6:46  Probe  
  96  6:48  Photon Cannon  
  96  6:52  Zealot x3  
  98  6:56  Zealot x2  
  86  7:01  Zealot  
  86  7:03  Probe  
  86  7:04  Probe  
  86  7:07  Zealot x2  
  80  7:13  Zealot x3  
  75  7:18  Zealot, Phoenix  
  75  7:20  High Templar x2  
  79  7:22  Assimilator  
  79  7:24  Archon  
  79  7:28  Assimilator  
  79  7:29  Zealot x2  
  83  7:35  Zealot  
  83  7:36  Zealot x2  
  83  7:41  Zealot  
  79  7:47  Probe  
  79  7:50  Stalker x2  
  79  7:51  Stalker  
  84  7:56  Zealot x2  
  88  7:59  Zealot x2  
  88  8:08  High Templar x2  
  88  8:12  Probe  
  83  8:13  Archon, Zealot x2  
  83  8:17  Zealot x2  
  91  8:21  Sentry  
  91  8:22  Robotics Facility  
  91  8:23  Zealot  
  93  8:32  Probe  
  84  8:36  Zealot x2  
  84  8:40  Zealot x3  
  86  8:49  Zealot x2  
  86  8:50  Zealot  
  90  8:58  High Templar x2  
  90  9:00  Probe  
  90  9:02  Zealot x3  
  99  9:03  Archon  
  95  9:10  Nexus  
  95  9:11  Zealot x3, Photon Cannon  
  91  9:22  Sentry  
  91  9:23  Zealot x2  
  87  9:32  Zealot x5  
Tags
 
Add a new tag
Caveats
  • Supply blocks, unpowered buildings, or Contaminate may cause inaccurate times.
  • Supply counts are checked every 10 seconds.